 Dungeon Crawl Stone Soup version 0.27.1 (console) character file.

Game seed: 14787211472653867179

195434 thromnambular the Immaculate (level 18, 0/232 HPs)
             Began as a Gnoll Wanderer on Sept 1, 2021.
             Was a High Priest of Zin.
             Slain by a yaktaur (2 damage)
             ... led by a yaktaur captain
             ... on level 1 of the Vaults.
             The game lasted 02:41:12 (49416 turns).

thromnambular the Immaculate (Gnoll Wanderer)      Turns: 49416, Time: 02:41:12

Health: 0/232      AC: 39    Str: 23    XL:     18   Next: 34%
Magic:  0/34       EV: 11    Int: 23    God:    Zin [*****.]
Gold:   573        SH:  0    Dex: 23    Spells: 5/41 levels left

rFire    + + .     SeeInvis +   y - +3 lajatang (spect)
rCold    . . .     Faith    .   (shield currently unavailable)
rNeg     . . .     Spirit   +   q - +9 crystal plate armour of the Tarantula {Str+4 Int+5 SInv}
rPois    .         Reflect  .   r - +2 helmet
rElec    +         Harm     .   z - +0 cloak of Restlessness {rF+ Str+2}
rCorr    +         Rampage  +   L - +2 pair of gloves {Dex+3}
Will     +....                  (no boots)
Stlth    ..........             k - amulet "Peasulib" {Spirit Rampage rElec}
HPRegen  0.48/turn              h - +6 ring of intelligence
MPRegen  0.24/turn              Q - ring of Fefyih {rF+ rCorr Dex+6}

@: berserking, on recite cooldown, very slightly contaminated, hasted,
invisible, very quick
A: fangs 1, strong nose, distributed training, mutation resistance 1, robust 1
}: 1/15 runes: barnacled
a: Renounce Religion, Recite, Vitalisation, Imprison, Sanctuary, Donate Gold


You were on level 1 of the Vaults.
You worshipped Zin.
Zin was extremely pleased with you.
You visited 7 branches of the dungeon, and saw 33 of its levels.

You collected 2318 gold pieces.
You spent 1072 gold pieces at shops.
You donated 673 gold pieces to Zin.

Inventory:

Hand Weapons
 j - a +0 long sword
 n - a +1 spectral broad axe
 y - a +3 spectral lajatang (weapon)
 F - the +8 rapier of the Lumpy Wishes {vorpal, rN+ Stlth+}
   (You found it on level 6 of the Dungeon)

   It inflicts extra damage upon your enemies.
   rN:        It protects you from negative energy.
   Stlth:     It makes you more stealthy.
 K - a +11 long sword of freezing
 U - a +4 vorpal executioner's axe
Missiles
 f - a throwing net
 i - 2 atropa-tipped darts
 I - 7 curare-tipped darts
 W - 12 silver javelins
Armour
 q - the +9 crystal plate armour of the Tarantula (worn) {Str+4 Int+5 SInv}
   (You found it on level 5 of the Lair of Beasts)

   Str:       It affects your strength (+4).
   Int:       It affects your intelligence (+5).
   SInv:      It lets you see invisible.
 r - a +2 helmet (worn)
 z - the +0 cloak of Restlessness (worn) {rF+ Str+2}
   (Xom gifted it to you on level 4 of the Dungeon)

   Str:       It affects your strength (+2).
   rF:        It protects you from fire.
 L - a +2 pair of gloves of dexterity (worn)
Jewellery
 c - the ring "Vonen" {rPois rC- Will+ Int+6 SInv}
   (You took it off a merfolk on level 4 of the Shoals)

   [ring of see invisible]

   Int:       It affects your intelligence (+6).
   rC:        It makes you vulnerable to cold.
   rPois:     It protects you from poison.
   SInv:      It lets you see invisible.
   Will:      It increases your willpower.
 h - a +6 ring of intelligence (left hand)
 k - the amulet "Peasulib" (around neck) {Spirit Rampage rElec}
   (You acquired it on level 7 of the Dungeon)

   [amulet of guardian spirit]

   It causes incoming damage to be divided between your reserves of health and
   magic.
   rElec:     It insulates you from electricity.
   Rampage:   It bestows one free step when moving towards enemies.
 o - a ring of protection from cold
 v - a ring of poison resistance
 A - a ring of positive energy
 C - an amulet of magic regeneration
 H - a ring of willpower
 J - a ring of wizardry
 N - a ring of protection from fire
 Q - the ring of Fefyih (right hand) {rF+ rCorr Dex+6}
   (You bought it in a shop on level 1 of the Orcish Mines)

   [ring of dexterity]

   Dex:       It affects your dexterity (+6).
   rF:        It protects you from fire.
   rCorr:     It protects you from acid and corrosion.
 R - a ring of ice
 S - a ring of ice
Wands
 s - a wand of flame (36)
 t - a wand of iceblast (33)
 x - a wand of mindburst (4)
 E - a wand of charming (6)
 G - a wand of digging (2)
Scrolls
 d - 3 scrolls of amnesia
 e - 2 scrolls of silence
 g - 8 scrolls of vulnerability
 V - 12 scrolls of identify
 Y - 3 scrolls of fog
Potions
 a - 4 potions of attraction
 l - a potion of resistance
 m - a potion of mutation
 u - 3 potions of might
 M - a potion of ambrosia
 O - 4 potions of flight
 P - 3 potions of brilliance
Miscellaneous
 w - a tin of tremorstones (2/2)
 X - a lightning rod (4/4)


   Skills:
 + Level 12.3 Fighting
 + Level 12.3 Short Blades
 + Level 12.1 Long Blades
 + Level 12.1 Axes
 + Level 12.1 Maces & Flails
 + Level 12.1 Polearms
 + Level 12.1 Staves
 + Level 12.1 Slings
 + Level 12.1 Bows
 + Level 12.1 Crossbows
 + Level 12.1 Throwing
 + Level 12.1 Armour
 + Level 12.1 Dodging
 + Level 12.3 Stealth
 + Level 12.3 Shields
 + Level 12.1 Unarmed Combat
 + Level 12.4 Spellcasting
 + Level 11.6 Conjurations
 + Level 10.3 Hexes
 + Level 10.3 Summonings
 + Level 10.6 Necromancy
 + Level 10.3 Translocations
 + Level 10.3 Transmutations
 + Level 10.3 Fire Magic
 + Level 10.3 Ice Magic
 + Level 10.3 Air Magic
 + Level 10.3 Earth Magic
 + Level 10.3 Poison Magic
 + Level 13.0 Invocations
 + Level 12.3 Evocations


You had 5 spell levels left.
You knew the following spells:

 Your Spells              Type           Power      Damage    Failure   Level
a - Foxfire               Conj/Fire      100%       2x1d9     2%          1
b - Mephitic Cloud        Conj/Pois/Air  59%        N/A       8%          3
c - Olgreb's Toxic Radia  Pois           58%        N/A       30%         4
d - Conjure Flame         Conj/Fire      59%        6-21      7%          3
e - Fulminant Prism       Conj/Hex       29%        3d14      22%         4
f - Confusing Touch       Hex            58%        N/A       9%          3
g - Tukima's Dance        Hex            58%        N/A       9%          3
h - Searing Ray           Conj           100%       3d7       2%          2
i - Slow                  Hex            58%        N/A       4%          2
j - Passwall              Tmut/Erth      48%        N/A       4%          2
k - Animate Armour        Summ/Erth      100%       N/A       30%         4
l - Swiftness             Air            58%        N/A       9%          3
m - Ensorcelled Hibernat  Hex/Ice        100%       N/A       4%          2

Your spell library contained the following spells:

 Spells                   Type           Power      Damage    Failure   Level
 Magic Dart               Conj           100%       1d8       1%          1
 Shock                    Conj/Air       100%       1d9       2%          1
 Sandblast                Erth           100%       2d20      3%          1
 Call Imp                 Summ           58%        N/A       4%          2
 Corpse Rot               Necr/Air       N/A        N/A       4%          2
 Poisonous Vapours        Pois/Air       100%       N/A       4%          2
 Inner Flame              Hex/Fire       58%        N/A       9%          3
 Airstrike                Air            29%        N/A       30%         4
 Cause Fear               Hex            29%        N/A       30%         4
 Leda's Liquefaction      Hex/Erth       29%        N/A       30%         4
 Passage of Golubria      Tloc           N/A        N/A       30%         4
 Petrify                  Tmut/Erth      58%        N/A       30%         4
 Summon Ice Beast         Ice/Summ       58%        N/A       30%         4
 Fireball                 Conj/Fire      29%        3d13      54%         5
 Bolt of Magma            Conj/Fire/Erth 29%        4d13      56%         5
 Freezing Cloud           Conj/Ice/Air   29%        6-21      56%         5
 Lee's Rapid Deconstruct  Erth           29%        3d16*     63%         5
 Metabolic Englaciation   Hex/Ice        29%        N/A       63%         5
 Summon Forest            Summ/Tloc      29%        N/A       63%         5
 Summon Mana Viper        Hex/Summ       58%        N/A       63%         5
 Yara's Violent Unravell  Hex/Tmut       29%        3d12      63%         5
 Iron Shot                Conj/Erth      29%        9d6       98%         6
 Starburst                Conj/Fire      29%        6d9       98%         6
 Shadow Creatures         Summ           N/A        N/A       99%         6
 Statue Form              Tmut/Erth      38%        N/A       99%         6
 Monstrous Menagerie      Summ           29%        N/A       100%        7
 Ozocubu's Refrigeration  Ice            29%        4d10      100%        7
 Discord                  Hex            29%        N/A       100%        8
 Ignition                 Fire           29%        3d9       100%        8
 Shatter                  Erth           29%        3d24*     100%        9


Dungeon Overview and Level Annotations

Branches:
Dungeon (15/15)            Temple (0/1) D:7            Lair (6/6) D:11
 Shoals (4/4) Lair:2       Spider (4/4) Lair:2        Slime (1/5) Lair:5
    Orc (2/2) D:10         Vaults (1/5) D:13         Depths (0/5) D:15
    Elf: Orc:2

Altars:
Cheibriados
Fedhas
Gozag
Hepliaklqana
Kikubaaqudgha
Nemelex Xobeh
Qazlal
Ru
Trog
Xom
Zin
Jiyva

Shops:
D:10 *   D:14 :   Orc:1 *   Vaults:1 ((

Annotations:
D:15 3 runed translucent doors, Qishud's ghost, adept GrEE
Shoals:3 Polyphemus
Spider:4 Mara
Orc:2 Saint Roka


Innate Abilities, Weirdness & Mutations

You have very sharp teeth.
Your uncanny sense of smell can sniff out nearby items.
Your experience applies equally to all skills.
You are somewhat resistant to further mutation.
You are robust. (+10% HP)


Message History

The vault warden is heavily wounded.
Your +3 spectral lajatang hits the vault warden. "...and just, and not a voice dissented."
You finish reciting Ablutions 7:68.
The yaktaur hits your +3 spectral lajatang but does no damage.
The yaktaur hits your +3 spectral lajatang with a staff of earth!
Your spectral weapon shares its damage with you!
Your +3 spectral lajatang fades away.
* * * LOW HITPOINT WARNING * * *
The vault warden hits you with a +0 dire flail!
* * * LOW HITPOINT WARNING * * *
You feel better.
You hit the vault warden but do no damage.
The vault warden is heavily wounded.
Your +3 spectral lajatang hits the vault warden!
The vault warden looks more healthy.
The yaktaur hits your +3 spectral lajatang with a staff of earth.
Your spectral weapon shares its damage with you!
* * * LOW HITPOINT WARNING * * *
The yaktaur hits your +3 spectral lajatang.
Your spectral weapon shares its damage with you!
* * * LOW HITPOINT WARNING * * *
The vault warden hits you with a +0 dire flail!!
* * * LOW HITPOINT WARNING * * *
You feel better.
Okay, then.
You fade into invisibility!
The vault warden hits you with a +0 dire flail!
* * * LOW HITPOINT WARNING * * *
You are very lightly contaminated with residual magic.
Okay, then.
Unknown command.
Okay, then.
Unknown command.
A red film seems to cover your vision as you go berserk!
You feel yourself moving faster!
You feel mighty!
The yaktaur wields a +0 arbalest.
The yaktaur shoots a bolt.
The bolt hits the vault warden!
The yaktaur hits you.
You die... "It's all fun and games until someone loses an eye."

###'###
#.##.##.#########
##...## #.#...#.#
#.#.#.###+#######
##.#.#.##.[...#
#.##.##.#.....#
#.##.##.#.....#
#.##.##.#.....#
#.##.##.+....)#######
#.##.##.#....)+@pc..##
##.#.#.##....(##c...[##
#.#.#.##.....###...(.##
##)§[###.....#
##.....########' #####
#####+# ##.....'....p..
#...# #######.......
#...# ....... ##...##
....... #.....# ......∩


You could see a vault warden and 2 yaktaurs.

Vanquished Creatures
  Nikola (Shoals:1)
  Arachne (Spider:3)
  Rupert (D:15)
  Asterion (Vaults:1)
  A ghost moth (Spider:3)
  3 vault wardens
  2 orc warlords
  3 very ugly things (Vaults:1)
  2 ironbound preservers (Vaults:1)
  2 quicksilver oozes (Slime:1)
  5 entropy weavers
  4 merfolk javelineers
  3 yaktaur captains (Vaults:1)
  5 merfolk impalers
  A fire dragon (D:15)
  A nameless horror (D:15)
  Fannar (Orc:1)
  8 hydras
  Erolcha (D:11)
  2 boulder beetles
  2 ironbound frosthearts (Vaults:1)
  An ironbound thunderhulk (Vaults:1)
  3 catoblepae
  An ogre mage (D:15)
  2 merfolk aquamancers (Shoals:4)
  A merfolk avatar (Shoals:1)
  2 dancing weapons (D:13)
  2 centaur warriors (D:14)
  6 two-headed ogres
  6 death yaks
  A vampire mage (D:15)
  2 tengu warriors
  An ironbound beastmaster (Vaults:1)
  An orc high priest (Orc:1)
  Urug (D:11)
  A titan zombie (D:15)
  Sonja (Lair:3)
  8 skeletal warriors
  A spark wasp zombie (D:15)
  4 deep trolls (Vaults:1)
  5 sea snakes
  2 ironbound convokers (Vaults:1)
  A lindwurm (Lair:5)
  4 wizards
  2 necromancers
  An orc knight (D:13)
  3 deep elf pyromancers
  A deep elf archer (Orc:1)
  10 manticores
  A deep elf zephyrmancer (Orc:1)
  9 harpies
  4 orb spiders
  A fire giant zombie (D:15)
  38 ugly things
  7 wolf spiders
  5 cyclopes
  6 fauns
  4 orc sorcerers
  A moth of wrath (Spider:1)
  A vault sentinel (Vaults:1)
  5 elephants
  9 black mambas
  5 water nymphs (Shoals:4)
  A guardian serpent (Lair:6)
  2 merfolk sirens (Shoals:4)
  15 cane toads
  An unseen horror (D:12)
  Maggie (D:6)
  4 demonic crawlers
  A human zombie (Vaults:1)
  A rime drake (Lair:4)
  10 komodo dragons
  2 tengu conjurers
  10 yaktaurs
  2 efreet
  3 polar bears
  3 wind drakes
  A meliai (shapeshifter) (D:15)
  11 jumping spiders
  6 merfolk
  5 trolls
  2 hornets (Lair:6)
  A tyrant leech (Lair:6)
  A blink frog (shapeshifter) (D:14)
  5 dream sheep
  3 slime creatures (D:12)
  15 blink frogs
  A snapping turtle (Shoals:1)
  A deep troll zombie (D:15)
  5 water elementals
  Sigmund (D:3)
  14 tarantellas
  14 wyverns
  4 air elementals
  A wraith (D:12)
  38 redbacks
  55 yaks
  6 basilisks
  2 steam dragons
  21 vampire mosquitoes
  4 wargs
  2 swamp worms (Lair:6)
  20 water moccasins
  An acid dragon (D:10)
  2 sky beasts
  A black bear (D:5)
  21 orc warriors
  An ice beast (D:7)
  A necrophage (D:6)
  12 ogres
  5 boggarts (D:15)
  16 wolves
  2 centaurs
  2 phantoms
  3 kobold brigands (D:10)
  10 bullfrogs
  6 scorpions
  13 electric eels
  4 howler monkeys
  3 centaur zombies
  3 hounds (D:5)
  3 jellies
  7 orc priests
  A centaur skeleton (D:5)
  2 iguanas
  18 orc wizards
  8 hell rats
  A killer bee zombie (D:7)
  A howler monkey zombie (D:5)
  3 gnolls (D:6)
  8 adders
  2 shadow imps (D:6)
  2 worms
  A dart slug (D:5)
  50 orcs
  8 endoplasms
  5 giant cockroaches
  14 goblins
  2 hobgoblins
  5 jackals
  3 quokkas
  3 ball pythons
  5 bats
  6 kobolds
  5 rats
784 creatures vanquished.

Vanquished Creatures (collateral kills)
  Frances (Shoals:1)
  An acid blob (Lair:5)
  Agnes (D:15)
  A storm dragon (Shoals:4)
  A yaktaur captain (Vaults:1)
  A hydra (Lair:1)
  A merfolk aquamancer (Shoals:4)
  3 ugly things (Vaults:1)
  An orc warrior (D:9)
  An orc priest (D:9)
  An orc (D:9)
  17 foxfires
30 creatures vanquished.

Vanquished Creatures (others)
  A merfolk impaler (Shoals:4)
  A jumping spider (Spider:1)
  An orc (D:8)
  A bush (Lair:6)
  2569 foxfires
  2 fulminant prisms
  51 fungi
  196 plants
  A withered plant (D:15)
2823 creatures vanquished.

Grand Total: 3637 creatures vanquished

Notes
Turn   | Place    | Note
-------+----------+-------------------------------------------
     0 | D:1      | thromnambular the Gnoll Wanderer began the quest for the
                  | Orb.
     0 | D:1      | thromnambular set off with the following items: a +0 club,
                  | a +0 robe, a +0 kite shield; and the following spell
                  | memorised: Foxfire; and the following spells available to
                  | memorise: Mephitic Cloud
     0 | D:1      | Reached XP level 1. HP: 17/17 MP: 4/4
   426 | D:1      | Reached XP level 2. HP: 23/23 MP: 1/5
   509 | D:1      | Found a faded altar of an unknown god.
   522 | D:1      | Became a worshipper of Xom of Chaos
   833 | D:1      | XOM: cloud trail
  1236 | D:2      | Noticed a scorpion
  1247 | D:2      | XOM: butterfly on damage
  1248 | D:2      | Killed a scorpion
  1249 | D:2      | Reached skill level 1 in Long Blades
  1249 | D:2      | Reached skill level 1 in Axes
  1249 | D:2      | Reached skill level 1 in Maces & Flails
  1249 | D:2      | Reached skill level 1 in Polearms
  1249 | D:2      | Reached skill level 1 in Staves
  1249 | D:2      | Reached skill level 1 in Slings
  1249 | D:2      | Reached skill level 1 in Bows
  1249 | D:2      | Reached skill level 1 in Crossbows
  1249 | D:2      | Reached skill level 1 in Throwing
  1249 | D:2      | Reached skill level 1 in Armour
  1249 | D:2      | Reached skill level 1 in Dodging
  1249 | D:2      | Reached skill level 1 in Unarmed Combat
  1249 | D:2      | Reached skill level 1 in Invocations
  1249 | D:2      | Reached XP level 3. HP: 9/28 MP: 1/7
  1249 | D:2      | Reached XP level 4. HP: 12/34 MP: 1/8
  1405 | D:2      | XOM: noise
  1472 | D:2      | Found a bloodstained altar of Trog.
  1532 | D:2      | Reached skill level 1 in Hexes
  1532 | D:2      | Reached skill level 1 in Summonings
  1532 | D:2      | Reached skill level 1 in Translocations
  1532 | D:2      | Reached skill level 1 in Transmutations
  1532 | D:2      | Reached skill level 1 in Fire Magic
  1532 | D:2      | Reached skill level 1 in Ice Magic
  1532 | D:2      | Reached skill level 1 in Air Magic
  1532 | D:2      | Reached skill level 1 in Earth Magic
  1532 | D:2      | Reached skill level 1 in Poison Magic
  1543 | D:2      | Learned a level 3 spell: Mephitic Cloud
  1783 | D:2      | XOM: 10-stop teleportation journey
  1891 | D:2      | XOM: give mutations
  1891 | D:2      | Gained mutation: You are somewhat resistant to further
                  | mutation. [Xom's mischief]
  1891 | D:2      | Gained mutation: Your mind is acute. (Int +2) [Xom's
                  | mischief]
  2183 | D:2      | XOM: silly message
  2251 | D:2      | Reached XP level 5. HP: 19/40 MP: 6/9
  2803 | D:3      | Learned a level 4 spell: Olgreb's Toxic Radiance
  2980 | D:3      | Noticed Sigmund
  2997 | D:3      | Killed Sigmund
  2998 | D:3      | Reached skill level 2 in Invocations
  2998 | D:3      | Reached XP level 6. HP: 39/47 MP: 2/11
  3920 | D:4      | XOM: scenery: create altars
  3989 | D:4      | XOM: give mutation
  3989 | D:4      | Gained mutation: You are robust. (+10% HP) [Xom's grace]
  4145 | D:4      | Identified the +0 cloak of Restlessness {rF+ Str+2} (Xom
                  | gifted it to you on level 4 of the Dungeon)
  4145 | D:4      | XOM: god gift: +0 cloak of Restlessness {rF+ Str+2}
  4231 | D:4      | XOM: cleaving
  4302 | D:4      | Found a snail-covered altar of Cheibriados.
  4327 | D:4      | XOM: silly message
  4524 | D:4      | Found a glowing silver altar of Zin.
  4527 | D:4      | Fell from the grace of Xom
  4527 | D:4      | Became a worshipper of Zin the Law-Giver
  4527 | D:4      | Reached * piety under Zin
  4554 | D:5      | Entered Level 5 of the Dungeon
  4554 | D:5      | Noticed a necrophage
  4652 | D:5      | Reached XP level 7. HP: 48/57 MP: 9/12
  4696 | D:5      | XOM: give mutations
  4696 | D:5      | Gained mutation: Your body sometimes deteriorates upon
                  | taking damage. [Xom's mischief]
  4696 | D:5      | Gained mutation: You are partially covered in iridescent
                  | scales. (AC +2) [Xom's mischief]
  5021 | D:5      | Reached skill level 3 in Invocations
  5023 | D:5      | Reached XP level 8. HP: 49/66 MP: 5/14
  5754 | D:5      | XOM: 2-stop teleportation journey
  5797 | D:5      | Reached ** piety under Zin
  5894 | D:5      | XOM: summons 7 hostile demons
  5905 | D:5      | XOM: torment (33/67 hp)
  5951 | D:5      | XOM: summons 4 hostile shadow creatures
  6620 | D:6      | XOM: give mutation
  6621 | D:6      | Noticed Maggie
  6644 | D:6      | Killed Maggie
  6645 | D:6      | Reached skill level 4 in Invocations
  6645 | D:6      | Reached XP level 9. HP: 46/72 MP: 4/16
  6810 | D:6      | XOM: 1-stop teleportation journey
  6891 | D:6      | Found a stormy altar of Qazlal.
  7024 | D:6      | Identified the +8 rapier of the Lumpy Wishes {vorpal, rN+
                  | Stlth+}
  7185 | D:6      | Identified a scroll of acquirement
  7185 | D:6      | Acquired a book of Flames
  7191 | D:6      | Learned a level 3 spell: Conjure Flame
  7624 | D:7      | Reached skill level 5 in Spellcasting
  7823 | D:7      | XOM: 3-stop teleportation journey
  8053 | D:7      | Reached skill level 5 in Fighting
  8053 | D:7      | Reached skill level 5 in Short Blades
  8053 | D:7      | Reached skill level 5 in Shields
  8053 | D:7      | Reached skill level 5 in Evocations
  8111 | D:7      | Acquired the amulet "Peasulib" {Spirit Rampage rElec}
  8130 | D:7      | Found a staircase to the Ecumenical Temple.
  8376 | D:7      | Reached skill level 5 in Stealth
  8423 | D:7      | Reached *** piety under Zin
  8842 | D:7      | Reached skill level 5 in Invocations
  9566 | D:8      | Identified the +6 short sword of Delicate Cruel Justice
                  | {vamp, +Blink}
  9698 | D:8      | Reached XP level 10. HP: 81/81 MP: 11/18
  9713 | D:8      | Reached skill level 5 in Long Blades
  9713 | D:8      | Reached skill level 5 in Axes
  9713 | D:8      | Reached skill level 5 in Maces & Flails
  9713 | D:8      | Reached skill level 5 in Polearms
  9713 | D:8      | Reached skill level 5 in Staves
  9713 | D:8      | Reached skill level 5 in Slings
  9713 | D:8      | Reached skill level 5 in Bows
  9713 | D:8      | Reached skill level 5 in Crossbows
  9713 | D:8      | Reached skill level 5 in Throwing
  9713 | D:8      | Reached skill level 5 in Armour
  9713 | D:8      | Reached skill level 5 in Dodging
  9713 | D:8      | Reached skill level 5 in Unarmed Combat
  9776 | D:8      | XOM: god gift: 21 stones
  9820 | D:8      | XOM: noise
 10471 | D:8      | XOM: noise
 10508 | D:8      | Found an opulent altar of Gozag.
 10513 | D:8      | Found an ancient bone altar of Kikubaaqudgha.
 10518 | D:8      | Found a sparkling altar of Nemelex Xobeh.
 10543 | D:9      | XOM: noise
 10591 | D:9      | Noticed a boulder beetle
 10812 | D:9      | Identified the +3 ring mail of Thoughtfulness {Rampage
                  | +Inv}
 10832 | D:9      | Reached **** piety under Zin
 11613 | D:9      | XOM: noise
 11625 | D:9      | Reached skill level 5 in Necromancy
 11647 | D:9      | Learned a level 4 spell: Fulminant Prism
 11973 | D:10     | Entered Level 10 of the Dungeon
 12091 | D:10     | Found a sacrificial altar of Ru.
 12118 | D:10     | Reached skill level 6 in Invocations
 12432 | D:10     | Found Ritekhid's Assorted Antiques.
 12445 | D:10     | Bought a blackened glass wand for 132 gold pieces
 12445 | D:10     | Bought an ivory wand for 132 gold pieces
 12445 | D:10     | Bought a murky white potion for 29 gold pieces
 12445 | D:10     | Bought a scroll of identify for 66 gold pieces
 12446 | D:10     | XOM: silly message
 12450 | D:10     | Reached XP level 11. HP: 91/91 MP: 13/20
 12494 | D:10     | Noticed a wizard
 12504 | D:10     | Killed a wizard
 12751 | D:10     | XOM: noise
 12823 | D:10     | Found a staircase to the Orcish Mines.
 12876 | D:10     | Found a hazy altar of Hepliaklqana.
 12923 | D:10     | Learned a level 3 spell: Confusing Touch
 12956 | D:10     | Noticed a two-headed ogre
 13026 | D:10     | Killed a two-headed ogre
 13027 | D:10     | Reached skill level 5 in Hexes
 13027 | D:10     | Reached skill level 5 in Summonings
 13027 | D:10     | Reached skill level 5 in Translocations
 13027 | D:10     | Reached skill level 5 in Transmutations
 13027 | D:10     | Reached skill level 5 in Fire Magic
 13027 | D:10     | Reached skill level 5 in Ice Magic
 13027 | D:10     | Reached skill level 5 in Air Magic
 13027 | D:10     | Reached skill level 5 in Earth Magic
 13027 | D:10     | Reached skill level 5 in Poison Magic
 13262 | D:11     | Found a blossoming altar of Fedhas.
 13287 | D:11     | Reached ***** piety under Zin
 13656 | D:10     | HP: 4/91 [komodo dragon (15)]
 14194 | D:11     | Noticed Erolcha
 14204 | D:11     | Killed Erolcha
 14205 | D:11     | Reached skill level 7 in Invocations
 14433 | D:11     | Learned a level 3 spell: Tukima's Dance
 14438 | D:11     | Found a staircase to the Lair.
 14460 | Lair:1   | Entered Level 1 of the Lair of Beasts
 14839 | Lair:1   | Noticed an eight-headed hydra
 14984 | Orc:1    | Entered Level 1 of the Orcish Mines
 14984 | Orc:1    | Noticed an orc warlord
 14984 | Orc:1    | Noticed an orc sorcerer
 15053 | Lair:1   | Killed an eight-headed hydra
 15060 | Lair:1   | XOM: 3-stop teleportation journey
 16190 | Lair:1   | XOM: give mutations
 16190 | Lair:1   | Was forgiven by Xom
 16880 | Lair:2   | Found a staircase to the Shoals.
 16901 | Lair:2   | Reached XP level 12. HP: 14/100 MP: 4/23
 17399 | Lair:2   | Noticed an eight-headed hydra
 17879 | Lair:2   | Found a hole to the Spider Nest.
 18183 | Lair:2   | Donated 173 gold pieces to Zin
 18517 | Lair:2   | Killed an eight-headed hydra
 18622 | Lair:2   | Reached skill level 8 in Invocations
 18785 | Lair:3   | Noticed a death yak
 18789 | Lair:3   | Noticed a death yak
 19602 | Lair:4   | Noticed a boulder beetle
 19609 | Lair:4   | Noticed a five-headed hydra
 19806 | Lair:3   | Noticed a death yak
 19806 | Lair:3   | Noticed a death yak
 20206 | Lair:2   | Killed a death yak
 20586 | Lair:3   | Reached XP level 13. HP: 102/107 MP: 16/25
 20732 | Lair:3   | Noticed Sonja
 20747 | Lair:3   | Killed Sonja
 22432 | Lair:4   | Reached skill level 9 in Invocations
 22885 | Lair:5   | Found a runed translucent door.
 22889 | Lair:5   | Found a viscous altar of Jiyva.
 22890 | Lair:5   | Found a staircase to the Slime Pits.
 22890 | Lair:5   | Noticed an acid blob
 23289 | Lair:5   | Identified the +9 crystal plate armour of the Tarantula
                  | {Str+4 Int+5 SInv}
 24130 | Lair:6   | Entered Level 6 of the Lair of Beasts
 24869 | Lair:6   | Reached XP level 14. HP: 64/118 MP: 13/27
 24995 | Lair:6   | Paralysed by a hornet for 1 turns
 26062 | Lair:6   | Learned a level 2 spell: Searing Ray
 26171 | Lair:6   | Reached skill level 10 in Invocations
 27329 | D:10     | Killed an orc warlord
 27664 | Orc:1    | Found Oclekk's Assorted Antiques.
 27692 | Orc:1    | Bought a golden potion for 31 gold pieces
 27692 | Orc:1    | Bought 2 coppery potions for 63 gold pieces
 27692 | Orc:1    | Bought a scintillating golden ring for 175 gold pieces
 27692 | Orc:1    | Identified the ring of Fefyih {rF+ rCorr Dex+6} (You bought
                  | it in a shop on level 1 of the Orcish Mines)
 27696 | Orc:1    | Bought a scroll of identify for 70 gold pieces
 27774 | Orc:1    | Noticed Fannar
 27816 | Orc:1    | Killed Fannar
 28031 | Orc:1    | Noticed an orc warlord
 28040 | Orc:1    | Killed an orc warlord
 28113 | Orc:1    | HP: 4/119 [sixfirhy[an orc high priest] (5)]
 28113 | Orc:1    | HP: 1/119 [sixfirhy[an orc high priest] (3)]
 28661 | Orc:1    | Reached skill level 10 in Spellcasting
 28664 | Orc:1    | Learned a level 2 spell: Slow
 28824 | Orc:2    | Entered Level 2 of the Orcish Mines
 28837 | Orc:2    | Paralysed by an orc sorcerer for 3 turns
 28896 | Orc:2    | Noticed Saint Roka
 29071 | D:11     | Noticed Urug
 29097 | D:11     | Killed Urug
 29098 | D:11     | Reached skill level 10 in Fighting
 29098 | D:11     | Reached skill level 10 in Short Blades
 29098 | D:11     | Reached skill level 10 in Shields
 29098 | D:11     | Reached skill level 10 in Evocations
 29422 | D:12     | Reached skill level 10 in Stealth
 29422 | D:12     | Reached XP level 15. HP: 86/126 MP: 17/29
 30143 | D:12     | Learned a level 2 spell: Passwall
 30145 | D:12     | Reached ****** piety under Zin
 30148 | D:12     | Lost mutation: You are partially covered in iridescent
                  | scales. (AC +2) [potion of mutation]
 30148 | D:12     | Lost mutation: Your mind is acute. (Int +2) [potion of
                  | mutation]
 30148 | D:12     | Lost mutation: Your body sometimes deteriorates upon taking
                  | damage. [potion of mutation]
 30432 | D:13     | Found a gate to the Vaults.
 30903 | D:13     | Reached skill level 10 in Conjurations
 30958 | D:13     | You fall into a shaft and drop 2 floors!
 30958 | D:15     | Entered Level 15 of the Dungeon
 31029 | D:15     | Reached skill level 10 in Long Blades
 31029 | D:15     | Reached skill level 10 in Axes
 31029 | D:15     | Reached skill level 10 in Maces & Flails
 31029 | D:15     | Reached skill level 10 in Polearms
 31029 | D:15     | Reached skill level 10 in Staves
 31029 | D:15     | Reached skill level 10 in Slings
 31029 | D:15     | Reached skill level 10 in Bows
 31029 | D:15     | Reached skill level 10 in Crossbows
 31029 | D:15     | Reached skill level 10 in Throwing
 31029 | D:15     | Reached skill level 10 in Armour
 31029 | D:15     | Reached skill level 10 in Dodging
 31029 | D:15     | Reached skill level 10 in Unarmed Combat
 31455 | D:15     | Found a runed translucent gate.
 31455 | D:15     | Found a runed translucent gate.
 31455 | D:15     | Found a runed translucent gate.
 31457 | D:15     | Noticed Qishud's ghost (adept GrEE)
 31626 | D:15     | Noticed Rupert
 32690 | D:14     | Reached skill level 11 in Invocations
 32801 | D:14     | Acquired the Handbook of the Glacial Mountains
 32808 | D:14     | Learned a level 4 spell: Animate Armour
 32980 | D:14     | Found Werrel's Book Emporium.
 33048 | D:14     | Bought a book of Air for 374 gold pieces
 33052 | D:14     | Learned a level 3 spell: Swiftness
 34371 | D:13     | Reached XP level 16. HP: 136/136 MP: 28/30
 35431 | D:14     | Learned a level 2 spell: Ensorcelled Hibernation
 35486 | D:15     | Killed Rupert
 35491 | D:15     | Noticed Agnes
 35497 | D:15     | Killed Agnes
 35822 | D:15     | Found a staircase to the Depths.
 36541 | Shoals:1 | Entered Level 1 of the Shoals
 36730 | Shoals:1 | Noticed Nikola
 36781 | Shoals:1 | Killed Nikola
 37030 | Shoals:1 | Identified the +1 long sword "Leviticus" {vamp, Fly}
 37114 | Shoals:1 | Noticed Frances
 37127 | Shoals:1 | Killed Frances
 38823 | Shoals:4 | Entered Level 4 of the Shoals
 38837 | Shoals:4 | Paralysed by an air elemental for 1 turns
 38839 | Shoals:4 | Paralysed by an air elemental for 1 turns
 38844 | Shoals:4 | Paralysed by an air elemental for 1 turns
 39261 | Shoals:4 | Identified the +7 hand crossbow of Moderation {flame,
                  | Dex+4}
 39261 | Shoals:4 | Identified the ring "Vonen" {rPois rC- Will+ Int+6 SInv}
 39467 | Shoals:4 | Reached skill level 12 in Invocations
 39770 | Shoals:4 | Paralysed by an air elemental for 1 turns
 39772 | Shoals:4 | Paralysed by an air elemental for 1 turns
 40177 | Shoals:4 | Paralysed by an air elemental for 1 turns
 40428 | Shoals:4 | Paralysed by an air elemental for 1 turns
 40783 | Shoals:4 | Paralysed by an air elemental for 1 turns
 40786 | Shoals:4 | Paralysed by an air elemental for 1 turns
 41126 | Shoals:4 | Reached XP level 17. HP: 88/144 MP: 22/32
 41549 | Shoals:4 | Got a barnacled rune of Zot
 42032 | Shoals:4 | Donated 269 gold pieces to Zin
 42797 | Shoals:3 | Noticed Polyphemus
 42863 | Spider:1 | Entered Level 1 of the Spider Nest
 42920 | Spider:1 | Reached skill level 10 in Necromancy
 45324 | Spider:4 | Entered Level 4 of the Spider Nest
 45324 | Spider:4 | Noticed Arachne
 45336 | Spider:3 | Killed Arachne
 45627 | Spider:4 | Noticed Mara
 45666 | Spider:3 | Reached skill level 10 in Hexes
 45666 | Spider:3 | Reached skill level 10 in Summonings
 45666 | Spider:3 | Reached skill level 10 in Translocations
 45666 | Spider:3 | Reached skill level 10 in Transmutations
 45666 | Spider:3 | Reached skill level 10 in Fire Magic
 45666 | Spider:3 | Reached skill level 10 in Ice Magic
 45666 | Spider:3 | Reached skill level 10 in Air Magic
 45666 | Spider:3 | Reached skill level 10 in Earth Magic
 45666 | Spider:3 | Reached skill level 10 in Poison Magic
 45890 | Lair:5   | Killed an acid blob
 45920 | Slime:1  | Entered Level 1 of the Pits of Slime
 46195 | Vaults:1 | Entered Level 1 of the Vaults
 46993 | Vaults:1 | Noticed Asterion
 47302 | Vaults:1 | Killed Asterion
 48230 | Vaults:1 | Reached XP level 18. HP: 153/153 MP: 34/34
 48707 | Vaults:1 | Reached skill level 13 in Invocations
 49037 | Vaults:1 | Found Racangin's Antique Weapon Shop.
 49319 | Vaults:1 | Found Mevuuse's Weapon Shop.
 49413 | Vaults:1 | HP: 5/155 [vault warden (17)]
 49415 | Vaults:1 | HP: 1/155 [vault warden (15)]
 49416 | Vaults:1 | Slain by a yaktaur

Illustrated notes

Levels and vault maps discovered:
D:1:      nicolae_arrival_washed_ashore, layout_rooms,
          ebering_ecumenical_altar_webs, minmay_misc_feat_more_columns
D:2:      layout_basic, basic_altar, minmay_circle_x
D:3:      layout_loops_ring, grunt_decor_mini_mirrors, uniq_sigmund
D:4:      layout_cave_pools, nicolae_overflow_crystal_walls, zin_statuary,
          grunt_ministairs_13
D:5:      layout_basic, minmay_starry_boxes
D:6:      layout_basic, lemuel_round_altar, due_unseen_surprise, uniq_maggie
D:7:      layout_loops_ring, minmay_temple_entry_nine_rooms
D:8:      layout_basic, minitemple
D:9:      layout_basic
D:10:     layout_roguey, mainiacjoe_overflow_cross_hatched,
          mainiacjoe_overflow_surrounded_room, orc_0_dummy, serial_shops,
          nicolae_square_shop, chequers_big_river, minmay_misc_feat_square,
          minmay_unpleasant_kobolds
D:11:     layout_roguey, david_lair_shrubbed, enter_bailey_3, fedhas_altar_3,
          uniq_urug, uniq_erolcha
D:12:     layout_loops_ring
D:13:     layout_irregular_city, erik_vaults_1, nrook_mini_vaults, st_stairs_5
D:14:     layout_roguey, serial_shops, kennysheep_mini_moat, serial_bayou_ford_a
D:15:     gammafunk_depths_entry_grave, layout_cave_pools,
          chequers_serial_rivers_small_a, gammafunk_ghost_hydra_chop,
          uniq_agnes, uniq_rupert
Lair:1:   layout_cave_shapes, serial_bayou_lagoon_b, grunt_megastairs_2
Lair:2:   layout_regular_city, elwin_shoals_entry_rocks, spider_nest_entry_webs
Lair:3:   layout_cave_shapes, uniq_sonja
Lair:4:   nzn_winding_woodlands_stair_trap [nzn_winding_woodlands_5x15_cabin,
          nzn_winding_woodlands_5x15_concentric,
          nzn_winding_woodlands_5x15_crooked,
          nzn_winding_woodlands_15x15_eel_pit, nzn_winding_woodlands_5x15_pool,
          nzn_winding_woodlands_5x15_lazy_stream,
          nzn_winding_woodlands_5x15_default], layout_cave_shapes,
          nicolae_quartered_pool_little
Lair:5:   layout_cave_pods, slime_altar_2, serial_bayou_lake_a,
          serial_bayou_shore_b
Lair:6:   hangedman_lair_tendril_chambers, layout_big_grid, worms_lemuel,
          uniq_kirke
Shoals:1: layout_shoals, uniq_frances, uniq_nikola
Shoals:2: layout_shoals, nicolae_shoals_lost_giant_temple
Shoals:3: layout_shoals, ebering_ghost_rock_garden, uniq_polyphemus
Shoals:4: shoals_end_hellmonk_storm_palace [storm_palace_center_circular,
          storm_palace_corner_altar, storm_palace_corner_reverse_hut,
          storm_palace_corner_reverse_hut, storm_palace_corner_pillars]
Spider:1: layout_spider_delve
Spider:2: layout_chambers
Spider:3: nicolae_spider_mines_3
Spider:4: grunt_spider_rune_circles, uniq_mara, uniq_arachne
Slime:1:  layout_caves
Orc:1:    layout_caves, serial_shops, nicolae_shop_statue_plus, elf_legates,
          uniq_fannar
Orc:2:    pf_orc_diabolical, layout_caves, serial_shops, shop,
          nicolae_shop_gadgets, uniq_saint_roka, uniq_nessos
Vaults:1: grunt_vaults_trifunnel, nicolae_vaults_rhombus_5,
          ontoclasm_vaults_chip, nicolae_vaults_asterisk, nicolae_vaults_theta,
          nicolae_vaults_alarming, v_rooms_1,
          nicolae_vaults_stairing_the_circle, nicolae_vaults_puzzle_piece,
          v_misc_16, v_misc_25, vaults_dpeg_doors, grunt_vaults_hallway_short,
          layout_vaults_maze, serial_shops, shop_statue, shop,
          nicolae_shop_waterfront, nicolae_shop_crystal, shop, uniq_asterion

Skill      XL: |  1  2  3  4  5  6  7  8  9 10 11 12 13 14 15 16 17 18 |
---------------+-------------------------------------------------------+-----
Necromancy     | 2 3 4 5 6 7 8 9 10 | 10.6
Long Blades    | 1 2 3 4 5 6 7 8 9 10 11 12 | 12.1
Axes           | 1 2 3 4 5 6 7 8 9 10 11 12 | 12.1
Maces & Flails | 1 2 3 4 5 6 7 8 9 10 11 12 | 12.1
Polearms       | 1 2 3 4 5 6 7 8 9 10 11 12 | 12.1
Staves         | 1 2 3 4 5 6 7 8 9 10 11 12 | 12.1
Slings         | 1 2 3 4 5 6 7 8 9 10 11 12 | 12.1
Bows           | 1 2 3 4 5 6 7 8 9 10 11 12 | 12.1
Crossbows      | 1 2 3 4 5 6 7 8 9 10 11 12 | 12.1
Throwing       | 1 2 3 4 5 6 7 8 9 10 11 12 | 12.1
Armour         | 1 2 3 4 5 6 7 8 9 10 11 12 | 12.1
Dodging        | 1 2 3 4 5 6 7 8 9 10 11 12 | 12.1
Unarmed Combat | 1 2 3 4 5 6 7 8 9 10 11 12 | 12.1
Spellcasting   | 3 4 5 6 7 8 9 10 11 12 | 12.4
Invocations    | 1 2 3 4 5 6 7 8 9 10 11 12 13 | 13.0
Hexes          | 1 2 3 4 5 6 7 8 9 10 | 10.3
Summonings     | 1 2 3 4 5 6 7 8 9 10 | 10.3
Translocations | 1 2 3 4 5 6 7 8 9 10 | 10.3
Transmutations | 1 2 3 4 5 6 7 8 9 10 | 10.3
Fire Magic     | 1 2 3 4 5 6 7 8 9 10 | 10.3
Ice Magic      | 1 2 3 4 5 6 7 8 9 10 | 10.3
Air Magic      | 1 2 3 4 5 6 7 8 9 10 | 10.3
Earth Magic    | 1 2 3 4 5 6 7 8 9 10 | 10.3
Poison Magic   | 1 2 3 4 5 6 7 8 9 10 | 10.3
Fighting       | 3 4 5 6 7 8 9 10 11 12 | 12.3
Short Blades   | 3 4 5 6 7 8 9 10 11 12 | 12.3
Stealth        | 3 4 5 6 7 8 9 10 11 12 | 12.3
Shields        | 3 4 5 6 7 8 9 10 11 12 | 12.3
Evocations     | 3 4 5 6 7 8 9 10 11 12 | 12.3
Conjurations   | 6 7 8 9 10 11 | 11.6

Action                   |  1- 3 |  4- 6 |  7- 9 | 10-12 | 13-15 | 16-18 || total
-------------------------+-------+-------+-------+-------+-------+-------++-------
Melee: Club              |    72 |       |       |       |       |       ||    72
       Bite              |     4 |     7 |    14 |    40 |   237 |   181 ||   483
       Long sword        |     4 |    85 |    81 |       |   155 |       ||   325
       Punch             |       |       |     2 |     2 |       |    35 ||    39
       Broad axe         |       |       |    68 |   327 |    11 |   446 ||   852
       Rapier            |       |       |       |       |  1125 |    55 ||  1180
       Executioner's axe |       |       |       |       |       |   287 ||   287
       Lajatang          |       |       |       |       |       |    47 ||    47
 Cast: Foxfire           |    14 |    69 |   221 |   461 |   428 |   372 ||  1565
       Mephitic Cloud    |       |       |     1 |     3 |     3 |       ||     7
       Olgreb's Toxic Ra |       |       |       |    16 |     2 |     5 ||    23
       Conjure Flame     |       |       |       |     2 |     3 |       ||     5
       Fulminant Prism   |       |       |       |     2 |       |       ||     2
       Confusing Touch   |       |       |       |     1 |     3 |       ||     4
       Tukima's Dance    |       |       |       |       |     3 |       ||     3
       Animate Armour    |       |       |       |       |     1 |     8 ||     9
       Swiftness         |       |       |       |       |       |     1 ||     1
Invok: Recite            |       |       |     1 |       |    11 |    13 ||    25
       Vitalisation      |       |       |       |     2 |       |     2 ||     4
       Sanctuary         |       |       |       |     1 |     1 |     5 ||     7
       Donate Gold       |       |       |       |     1 |       |     1 ||     2
Evoke: Wand              |       |       |     1 |    16 |    37 |    10 ||    64
       Tin of tremorston |       |       |       |     4 |     4 |     8 ||    16
  Use: Scroll            |     1 |     1 |    22 |    14 |    16 |     7 ||    61
       Potion            |       |     2 |     3 |     6 |     5 |    18 ||    34
 Stab: Sleeping          |     1 |     2 |       |       |     1 |       ||     4
       Paralysed         |       |       |       |     4 |     9 |     1 ||    14
       Confused          |       |       |       |     1 |     9 |     3 ||    13
       Invisible         |       |       |       |       |     8 |     2 ||    10
       Distracted        |       |       |       |       |       |     9 ||     9
       Held in net/web   |       |       |       |       |       |     2 ||     2
Armor: Ring mail         |    49 |    33 |   197 |   297 |    57 |       ||   633
       Steam dragon scal |       |       |       |    10 |       |       ||    10
       Crystal plate arm |       |       |       |       |   788 |  1176 ||  1964
Dodge: Dodged            |    42 |    59 |   221 |   410 |   381 |   667 ||  1780
Block: Buckler           |       |       |       |   118 |   333 |    28 ||   479
       Rpst.: Long sword |     1 |    14 |    22 |       |    14 |       ||    51
